 Dungeon Crawl Stone Soup version 0.15.2 (webtiles) character file.

518 magipi the Chopper (level 7, -3/40 HPs)
             Began as a Gargoyle Skald on Sept 1, 2015.
             Slain by a wyvern (11 damage)
             ... on Level 5 of the Dungeon.
             The game lasted 00:25:34 (3122 turns).

magipi the Chopper (Gargoyle Skald)                 Turns: 3122, Time: 00:25:34

HP  -3/40        AC 11     Str 15      XL: 7   Next: 21%
MP  11/12        EV 11     Int 13      God:
Gold 176         SH  0     Dex 11      Spells:  2 memorised,  6 levels left

rFire  . . .     SeeInvis .     a - +1 hand axe
rCold  . . .     Clarity  .     j - +0 robe (curse)
rNeg   + . .     rCorr    .     (no shield)
rPois  +         rRot     +     F - +2 hat
rElec  +         Spirit   .     (no cloak)
SustAb .         Warding  .     w - +0 pair of gloves (curse)
rMut   .         Stasis   .     b - +0 pair of boots
Gourm  +                        q - amulet of the gourmand
MR     .....                    (no ring)
                                (no ring)

@: infused, very slightly contaminated, invisible, not resistant to hostile
enchantments, very unstealthy
A: negative energy resistance 1, electricity resistance, unbreathing,
petrification resistance, rot immunity, AC +4
a: no special abilities


You were on level 5 of the Dungeon.
You were not hungry.

You visited 1 branch of the dungeon, and saw 5 of its levels.
You also visited: Ossuary.

You collected 176 gold pieces.

Inventory:

Hand weapons
 a - a +1 hand axe (weapon)
Missiles
 x - 7 tomahawks (quivered)
Armour
 b - a +0 pair of boots (worn)
 j - a cursed +0 robe (worn)
 l - a cursed +0 chain mail
 w - a cursed +0 pair of gloves (worn)
 F - a +2 hat (worn)
Magical devices
 r - a wand of cold (7)
Comestibles
 d - 6 bread rations
 h - 6 meat rations
 u - 3 fruits
 A - 5 chunks of ogre flesh
Scrolls
 g - 2 scrolls of immolation {unknown}
 k - a scroll of teleportation {unknown}
 o - a scroll of vulnerability {unknown}
 t - 2 scrolls of recharging {unknown}
 v - a scroll of enchant weapon
 y - a scroll of amnesia {unknown}
 B - a scroll of blinking {unknown}
 D - a scroll of fog {unknown}
 E - a scroll of magic mapping
Jewellery
 n - a cursed ring of fire
 q - an amulet of the gourmand (around neck)
Potions
 f - a potion of brilliance
 m - 5 potions of might
 p - a potion of magic
 s - 4 potions of curing
 z - a potion of berserk rage
 C - a potion of cancellation {unknown}
Books
 c - a book of Battle

   Spells                             Type                      Level
   *Infusion                          Charms                       1
   Shroud of Golubria                 Charms/Translocation         2
   Song of Slaying                    Charms                       2
   Spectral Weapon                    Hexes/Charms                 3
   *Regeneration                      Charms/Necromancy            3


   Skills:
 - Level 2.1 Fighting
 - Level 6.0 Axes
 - Level 1.1 Armour
 - Level 0.7 Dodging
 - Level 2.0 Spellcasting
 + Level 3.6 Charms
 + Level 2.0 Necromancy


You had 6 spell levels left.
You knew the following spells:

 Your Spells              Type           Power        Failure   Level  Hunger
a - Infusion              Chrm           ##....       8%          1    ##.....
r - Regeneration          Chrm/Necr      #.........   28%         3    ####...


Dungeon Overview and Level Annotations

Branches:
Dungeon (5/15)
 Temple: D:4-7

Altars:
Dithmenos

Annotations:
D:2 Terence


Innate Abilities, Weirdness & Mutations

You are resistant to torment.
You are immune to poison.
Your stone body is very resilient (AC +4).
You resist negative energy.
You are resistant to electric shocks.
You can survive without breathing.
You are immune to petrification.
You are immune to rotting.

Vault maps used:
D:1:      lightli_arrival_statuegarden
D:2:      minmay_bad_closet, uniq_terence
D:4:      kennysheep_mini, uniq_natasha
D:5:      lemuel_ratsnest, basic_altar, nicolae_ossuary_entry_monument,
          first_bread
Ossuary:  ossuary_due_pyramid


Message History

Things that are here:
a club; a hobgoblin corpse
There is a large open door here.
There is a large open door here.
A scorpion comes into view.
Found a stone staircase leading down.
Throwing (i - inventory):
x - 7 tomahawks (quivered)
Press: ? - help, Shift-Dir - straight line, f - scorpion
Aim: a scorpion You throw a tomahawk.
The tomahawk hits the scorpion but does no damage.
Throwing (i - inventory):
x - 6 tomahawks (quivered)
Press: ? - help, Shift-Dir - straight line, f/p - scorpion
Aim: a scorpion You throw a tomahawk.
The tomahawk hits the scorpion but does no damage.
Throwing (i - inventory):
x - 5 tomahawks (quivered)
Press: ? - help, Shift-Dir - straight line, f/p - scorpion
Aim: a scorpion You throw a tomahawk.
The tomahawk hits the scorpion but does no damage.
Throwing (i - inventory):
x - 4 tomahawks (quivered)
Press: ? - help, Shift-Dir - straight line, f/p - scorpion
Aim: a scorpion You throw a tomahawk.
The tomahawk hits the scorpion but does no damage.
Casting: Regeneration
Confirm with . or Enter, or press ? or * to list all spells.
You begin infusing your attacks with magical energy.
You hit the scorpion.
The scorpion is moderately wounded.
The scorpion stings you but does no damage.
You barely miss the scorpion.
The scorpion is moderately wounded.
The scorpion closely misses you.
You barely miss the scorpion.
The scorpion is moderately wounded.
The scorpion barely misses you.
You hit the scorpion.
The scorpion is severely wounded.
The scorpion closely misses you.
You hit the scorpion.
The scorpion is severely wounded.
The scorpion stings you but does no damage.
You closely miss the scorpion.
The scorpion is severely wounded.
The scorpion stings you.
You hit the scorpion.
The scorpion is almost dead.
Your magical infusion is running out.
The scorpion stings you but does no damage.
You closely miss the scorpion.
The scorpion is almost dead.
The scorpion closely misses you.
You hit the scorpion but do no damage.
The scorpion is almost dead.
The scorpion stings you but does no damage.
You hit the scorpion.
You kill the scorpion!
Your Necromancy skill increases to level 2!
You are no longer magically infusing your attacks.
x - 4 tomahawks (gained 1)
x - 5 tomahawks (gained 1)
x - 6 tomahawks (gained 1)
x - 7 tomahawks (gained 1)
A wyvern comes into view.
Drink which item? (? for menu, Esc to quit)
You fade into invisibility!
The wyvern barely misses you.
You are very lightly contaminated with residual magic.
Casting: Infusion
Confirm with . or Enter, or press ? or * to list all spells.
You begin infusing your attacks with magical energy.
The wyvern barely misses you.
Unknown command.
Unknown command.
You miss the wyvern. The wyvern bites you. The wyvern closely misses you.
You catch the helpless wyvern completely off-guard!
You hit the wyvern.
The wyvern is lightly wounded.
The wyvern bites you! The wyvern closely misses you.
You hit the wyvern but do no damage.
The wyvern is lightly wounded.
The wyvern barely misses you.
You miss the wyvern.
The wyvern is lightly wounded.
The wyvern closely misses you.
The wyvern bites you but does no damage.
You barely miss the wyvern.
The wyvern is lightly wounded.
The wyvern misses you.
You hit the wyvern.
The wyvern is lightly wounded.
The wyvern bites you!
* * * LOW HITPOINT WARNING * * *
The wyvern closely misses you. The wyvern closely misses you.
The wyvern bites you!
You die...

*,*....>.......,,,,,*,
*,#..........#********
*,#..........#
*,#.....D....#
*,#........D.#
*,,..###+###.#
*****#.* #.....##
*,,,##.########.######
*,,,+..@D............#
*,,,###########......#
*,,,* #......#......#
*,,,* #......##.....#
*,,,* #......##.....#
*,,,* #.....)''.....#
*.,,* #......##.....#
#..,*
#......##.....###
*##...*
#####+######...).


You could see a wyvern.

Table legend:
 A = Kills in this place as a percentage of kills in entire the game.
 B = Kills by you in this place as a percentage of kills by you in the entire game.
 C = Kills by friends in this place as a percentage of kills by friends in the entire game.
 D = Other kills in this place as a percentage of other kills in the entire game.
 E = Experience gained in this place as a percentage of experience gained in the entire game.
 F = Experience gained in this place divided by the number of levels of this place that you have seen.
                   A       B       C       D       E      F
               +-------+-------+-------+-------+-------+----------------------
         Total | 100.0 | 100.0 |  -nan |  -nan | 100.0 | 123.5
       Dungeon |  69.4 |  69.4 |  -nan |  -nan |  92.8 | 137.6
       Ossuary |  30.6 |  30.6 |  -nan |  -nan |   7.2 |  53.0
               +-------+-------+-------+-------+-------+----------------------

Vanquished Creatures
  2 ogres (D:5)
  A scorpion (D:5)
  An orc wizard (D:4)
  Natasha (D:4)
  A worker ant (D:4)
  3 mummies (Ossuary)
  5 adders
  5 gnolls
  A green rat (D:5)
  A giant mite (D:4)
  A worm (D:3)
  A giant gecko (D:2)
  4 orcs (D:4)
  8 bats
  3 giant cockroaches
  3 gnoll skeletons (Ossuary)
  10 hobgoblins
  8 kobolds
  2 quokkas
  A ball python (D:2)
  3 giant newts
  4 gnoll zombies (Ossuary)
  6 goblins
  6 goblin skeletons
  4 goblin zombies (Ossuary)
  A hobgoblin skeleton (Ossuary)
  4 hobgoblin zombies (Ossuary)
  6 jackals
  4 kobold skeletons (Ossuary)
  4 kobold zombies (Ossuary)
  3 orc skeletons (Ossuary)
  An orc zombie (Ossuary)
  12 rats
  2 rat skeletons (Ossuary)
  3 rat zombies (Ossuary)
125 creatures vanquished.

Vanquished Creatures (others)
  Menkaure (Ossuary)
  A gnoll zombie (Ossuary)
  2 gnoll skeletons (Ossuary)
  2 goblin skeletons (Ossuary)
  A goblin zombie (Ossuary)
  2 hobgoblin skeletons (Ossuary)
  2 hobgoblin zombies (Ossuary)
  A kobold skeleton (Ossuary)
  An orc zombie (Ossuary)
13 creatures vanquished.

Grand Total: 138 creatures vanquished

Notes
Turn   | Place    | Note
--------------------------------------------------------------
     0 | D:1      | magipi, the Gargoyle Skald, began the quest for the Orb.
     0 | D:1      | Reached XP level 1. HP: 12/12 MP: 3/3
   101 | D:1      | Reached XP level 2. HP: 11/17 MP: 4/4
   240 | D:1      | Reached skill level 3 in Axes
   294 | D:1      | Reached XP level 3. HP: 21/21 MP: 6/6
  1050 | D:2      | Reached XP level 4. HP: 7/26 MP: 7/7
  1064 | D:2      | Noticed Terence
  1272 | D:3      | Reached skill level 4 in Axes
  1576 | D:4      | Noticed an ogre
  1676 | D:3      | Reached XP level 5. HP: 21/30 MP: 9/9
  2008 | D:4      | Reached skill level 5 in Axes
  2154 | D:4      | Noticed a phantom
  2163 | D:5      | Entered Level 5 of the Dungeon
  2197 | D:5      | Found a sand-covered staircase.
  2200 | D:5      | Noticed an ogre
  2211 | D:5      | Killed an ogre
  2211 | D:5      | Reached XP level 6. HP: 35/35 MP: 5/10
  2243 | Ossuary  | Entered an ossuary
  2372 | Ossuary  | Reached skill level 6 in Axes
  2377 | Ossuary  | Learned a level 3 spell: Regeneration
  2527 | Ossuary  | Killed Menkaure
  2732 | D:4      | Found a shadowy altar of Dithmenos.
  2852 | D:4      | Noticed Natasha
  2883 | D:4      | Killed Natasha
  2883 | D:4      | Reached skill level 1 in Necromancy
  2983 | D:5      | Noticed an ogre
  3012 | D:5      | Killed an ogre
  3012 | D:5      | Reached XP level 7. HP: 8/40 MP: 6/12
  3102 | D:5      | Noticed a wyvern
  3122 | D:5      | Slain by a wyvern

Action                   |  1- 3 |  4- 6 |  7- 9 || total
-------------------------+-------+-------+-------++-------
Melee: Hand axe          |   143 |   359 |    21 ||   523
Throw: Tomahawk          |       |    12 |     4 ||    16
 Cast: Infusion          |     2 |     3 |     2 ||     7
       Regeneration      |       |       |     1 ||     1
Evoke: Wand              |       |     1 |       ||     1
  Use: Scroll            |       |    13 |       ||    13
       Potion            |       |     1 |     1 ||     2
 Stab: Invisible         |       |       |     1 ||     1
  Eat: Chunk             |     1 |     5 |     1 ||     7
       Pizza             |       |     1 |       ||     1

Action                   |  1- 3 |  4- 6 |  7- 9 || total
-------------------------+-------+-------+-------++-------
Melee: Hand axe          |   143 |   359 |    21 ||   523
Throw: Tomahawk          |       |    12 |     4 ||    16
 Cast: Infusion          |     2 |     3 |     2 ||     7
       Regeneration      |       |       |     1 ||     1
Evoke: Wand              |       |     1 |       ||     1
  Use: Scroll            |       |    13 |       ||    13
       Potion            |       |     1 |     1 ||     2
 Stab: Invisible         |       |       |     1 ||     1
  Eat: Chunk             |     1 |     5 |     1 ||     7
       Pizza             |       |     1 |       ||     1

Action                   |  1- 3 |  4- 6 |  7- 9 || total
-------------------------+-------+-------+-------++-------
Melee: Hand axe          |   143 |   359 |    21 ||   523
Throw: Tomahawk          |       |    12 |     4 ||    16
 Cast: Infusion          |     2 |     3 |     2 ||     7
       Regeneration      |       |       |     1 ||     1
Evoke: Wand              |       |     1 |       ||     1
  Use: Scroll            |       |    13 |       ||    13
       Potion            |       |     1 |     1 ||     2
 Stab: Invisible         |       |       |     1 ||     1
  Eat: Chunk             |     1 |     5 |     1 ||     7
       Pizza             |       |     1 |       ||     1
